 Dungeon Crawl Stone Soup version 0.17.1-3-g152610e (webtiles) character file.

101 derple the Ruffian (level 4, -1/66 HPs)
             Began as a Troll Berserker on Apr 5, 2016.
             Was a Believer of Trog.
             Slain by a gnoll
             ... wielding a +0 spear
              (5 damage)
             ... on level 3 of the Dungeon.
             The game lasted 00:07:46 (1318 turns).

derple the Ruffian (Troll Berserker)                Turns: 1318, Time: 00:07:48

Health: -1/66      AC:  5    Str: 31    XL:     4   Next: 48%
Magic:  3/3        EV: 10    Int:  3    God:    Trog [**....]
Gold:   128        SH:  0    Dex:  9    Spells: 0 memorised, 3 levels left

rFire  . . .     SeeInvis .       - Unarmed
rCold  + . .     Clarity  .     a - +0 animal skin
rNeg   . . .     SustAt   .     (no shield)
rPois  .         Gourm    +     (helmet restricted)
rElec  .         Spirit   .     (no cloak)
rCorr  .         Warding  .     (gloves unavailable)
rMut   .         Stasis   .     (boots unavailable)
MR     .....                    (no amulet)
Stlth  ..........               (no ring)
                                p - ring of protection from cold

@: berserking (expiring), very quick, not resistant to hostile enchantments,
extremely unstealthy
A: unfitting armour, claws 3, fast metabolism 3, gourmand, regeneration 2,
shaggy fur 1, tough skin 2
a: Berserk, Trog's Hand, Burn Spellbooks, Renounce Religion


You were on level 3 of the Dungeon.
You worshipped Trog.
Trog was pleased with you.
You were very full.

You visited 1 branch of the dungeon, and saw 3 of its levels.

You collected 128 gold pieces.

Inventory:

Armour
 a - a +0 animal skin (worn)
Jewellery
 e - a cursed ring of teleportation {unknown}
 p - a ring of protection from cold (left claw)
Scrolls
 c - 2 scrolls of amnesia
 d - a scroll of identify
 m - a scroll of enchant armour {unknown}
 o - a scroll of teleportation {unknown}
Potions
 g - a potion of curing
 k - a potion of brilliance {unknown}
 l - a potion of magic {unknown}
 n - a potion of invisibility {unknown}
Comestibles
 b - 5 bread rations
 f - 2 meat rations
 h - 5 fruits
 i - 2 chunks of flesh


   Skills:
 + Level 2.8 Fighting
 + Level 3.5 Dodging
 + Level 0.3 Stealth
 + Level 3.7 Unarmed Combat


You had 3 spell levels left.
You didn't know any spells.

Dungeon Overview and Level Annotations

Branches:
Dungeon (3/15)

Altars:
Cheibriados
Ru
Sif Muna


Innate Abilities, Weirdness & Mutations

You are too large for most types of armour.
You have claws for hands.
Your metabolism is lightning-fast.
You like to eat raw meat.
You heal very quickly.
You are covered in fur (AC +1).
You have very tough skin (AC +2).


Message History

Trog accepts your kill. The gnoll hits you but does no damage.
The gnoll misses you.
You feel a strong urge to attack something.
The gnoll hits you but does no damage.
The gnoll hits you from afar with a spear.
* * * LOW HITPOINT WARNING * * *
The gnoll barely misses you. x2
The gnoll hits you with a spear.
* * * LOW HITPOINT WARNING * * *
Found a scroll labeled SINLUJAKKA.
Things that are here:
a spear; a gnoll corpse You claw the gnoll!
The gnoll is severely wounded.
You mangle the gnoll!!
You kill the gnoll!
Trog accepts your kill.
You can now call upon Trog for regeneration and protection from hostile enchantments.
The gnoll hits you with a spear.
You die...

#..####.... #..........
#.......## #....##..#
#.#.## ##
#...###########
#..#....#.##..# #
#....._.......#####....
##.##...####...@)g.....
#.###### #.###g......
#.# #.# ?####)# #.# #<#
.# #.# #.# .# #.. ..#
.# ## ?.# .# .. ..


You could see 2 gnolls.

Vanquished Creatures
  Terence (D:3)
  An orc wizard (D:3)
  2 gnolls (D:3)
  An adder (D:2)
  A giant gecko (D:1)
  2 orcs (D:3)
  3 goblins
  2 hobgoblins
  A quokka (D:3)
  A ball python (D:2)
  3 bats
  2 giant cockroaches (D:3)
  A giant newt (D:2)
  2 rats (D:2)
23 creatures vanquished.

Notes
Turn   | Place    | Note
--------------------------------------------------------------
     0 | D:1      | derple the Troll Berserker began the quest for the Orb.
     0 | D:1      | Reached XP level 1. HP: 22/22 MP: 0/0
   263 | D:1      | You fall through a shaft!
   378 | D:2      | Reached XP level 2. HP: 23/29 MP: 1/1
   835 | D:2      | Found a deep blue altar of Sif Muna.
   836 | D:2      | Found a sacrificial altar of Ru.
  1230 | D:3      | Reached XP level 3. HP: 36/36 MP: 2/2
  1262 | D:3      | Noticed Terence
  1281 | D:3      | Killed Terence
  1281 | D:3      | Reached XP level 4. HP: 19/44 MP: 3/3
  1291 | D:3      | Found a snail-covered altar of Cheibriados.
  1316 | D:3      | HP: 3/66 [gnoll/spear (1)]
  1318 | D:3      | Reached ** piety under Trog
  1318 | D:3      | Slain by a gnoll

Action                   |  1- 3 |  4- 6 || total
-------------------------+-------+-------++-------
Melee: Unarmed           |    61 |     6 ||    67
Invok: Berserk           |       |     1 ||     1
  Use: Scroll            |     3 |       ||     3
       Potion            |     5 |       ||     5
  Eat: Chunk             |    17 |       ||    17
